 Dungeon Crawl Stone Soup version 0.22-a0-512-g0943f25 (webtiles) character file.

265 inc the Shield-Bearer (level 6, -9/47 HPs)
             Began as a Formicid Fighter on June 18, 2018.
             Killed by divine providence
             ... invoked by an orc priest
              (12 damage)
             ... on level 4 of the Dungeon.
             The game lasted 00:03:46 (2321 turns).

inc the Shield-Bearer (Formicid Fighter)            Turns: 2321, Time: 00:03:46

Health: -9/47      AC: 10    Str: 20    XL:     6   Next: 44%
Magic:  6/6        EV:  8    Int: 10    God:
Gold:   105        SH: 10    Dex: 10    Spells: 5/5 levels left

rFire    . . .     SeeInvis +   a - +0 quarterstaff
rCold    . . .     Gourm    .   c - +0 shield
rNeg     . . .     Faith    .   b - +0 scale mail
rPois    .         Spirit   .   (helmet unavailable)
rElec    .         Reflect  .   (no cloak)
rCorr    .         Harm     .   u - +2 pair of gloves
MR       .....                  (no boots)
Stlth    ..........             (no amulet)
HPRegen  0.15/turn              (no ring)
MPRegen  0.10/turn              (no ring)

@: no status effects
A: permanent stasis, dig shafts and tunnels, four strong arms, antennae 3
a: Dig, Shaft Self


You were on level 4 of the Dungeon.
You were hungry.

You visited 1 branch of the dungeon, and saw 4 of its levels.

You collected 105 gold pieces.

Inventory:

Hand Weapons
 a - a +0 quarterstaff (weapon)
Armour
 b - a +0 scale mail (worn)
 c - a +0 shield (worn)
 q - a +0 pair of gloves
 u - a +2 pair of gloves (worn)
Jewellery
 n - a -3 ring of intelligence
 t - an uncursed ring of loudness
 x - an uncursed amulet of rage
Scrolls
 e - 5 scrolls of teleportation
 g - a scroll of remove curse
 h - a scroll of enchant armour {unknown}
 m - a scroll of immolation {unknown}
 p - a scroll of fear {unknown}
 s - 3 scrolls of amnesia {unknown}
 v - a scroll of blinking {unknown}
Potions
 d - a potion of might
 i - 2 potions of haste
 l - 2 potions of ambrosia
 o - 3 potions of degeneration
 r - a potion of lignification
 w - 3 potions of agility
Comestibles
 f - 10 rations


   Skills:
 - Level 3.2 Fighting
 + Level 5.2 Staves
 - Level 3.2 Armour
 + Level 5.6 Shields


You had 5 spell levels left.
You didn't know any spells.
Your spell library was empty.

Dungeon Overview and Level Annotations

Branches:
Dungeon (4/15)
 Temple: D:4-7

Altars:

Shops:
D:4 *

Annotations:
D:3 1 runed door, zard0z's ghost, amateur SpEn


Innate Abilities, Weirdness & Mutations

You cannot be hasted, slowed, berserked, paralysed or teleported.
You can dig through walls and to a lower floor.
Your four strong arms can wield two-handed weapons with a shield.
You have a pair of large antennae on your head. (SInv)


Message History

The orc priest hits you with a trident.
You hit the orc priest but do no damage.
The orc priest is moderately wounded.
You block the orc priest's attack.
You barely miss the orc priest.
The orc priest is moderately wounded.
The orc priest mumbles some strange prayers to Beogh against you.
Pain shoots through your body!
* * * LOW HITPOINT WARNING * * *
You hit the orc priest but do no damage.
The orc priest is moderately wounded.
The orc priest hits you but does no damage.
You hit the orc priest.
The orc priest is severely wounded.
You block the orc priest's attack.
Your shield and scale mail prevent you from hitting the orc priest.
The orc priest is severely wounded.
The orc priest calls down the wrath of Beogh upon you.
Beogh smites you!
You die...

#........ #.####..##.
#.........(..
#.#.#####.### #....#
#.# # #..#.# #.# # #
....## #†#
#####.######.....# #.##
>......@.?..##.#.# #..#
.#####o####.##.#.###..#
#. ##...#.#........
#!##......#..##..##
#.#................
#.........#..##..#.
###..............#.
##.....##..###.#.
##...###..# #.##


You could see an orc priest.

Vanquished Creatures
  2 orc wizards
  2 worker ants (D:4)
  3 gnolls (D:2)
  4 adders
  2 worms
  A dart slug (D:1)
  5 leopard geckos
  6 orcs
  4 ball pythons
  5 bats
  A giant cockroach (D:1)
  11 goblins
  11 hobgoblins
  4 jackals (D:3)
  2 quokkas (D:3)
  4 frilled lizards
  A jackal skeleton (D:4)
  4 kobolds
  A quokka skeleton (D:4)
  8 rats
81 creatures vanquished.

Notes
Turn   | Place    | Note
-------+----------+-------------------------------------------
     0 | D:1      | inc the Formicid Fighter began the quest for the Orb.
     0 | D:1      | Reached XP level 1. HP: 18/18 MP: 1/1
    51 | D:1      | Reached XP level 2. HP: 21/24 MP: 2/2
   280 | D:1      | Reached XP level 3. HP: 27/29 MP: 3/3
  1041 | D:2      | Reached XP level 4. HP: 29/35 MP: 4/4
  1306 | D:2      | Reached XP level 5. HP: 41/41 MP: 5/5
  1950 | D:3      | Reached skill level 5 in Shields
  2028 | D:3      | Found a runed door.
  2028 | D:3      | Noticed zard0z's ghost (amateur SpEn)
  2075 | D:4      | Reached XP level 6. HP: 39/47 MP: 6/6
  2221 | D:4      | Found Ythealyn's Assorted Antiques.
  2252 | D:4      | Reached skill level 5 in Staves
  2321 | D:4      | Killed from afar by an orc priest

Vault maps used:
D:1:      nzn_arrival_crosshair, serial_forest, infiniplex_forest_end_double,
          infiniplex_forest_clump_small, infiniplex_forest_clump_small,
          infiniplex_forest_straight_5, infiniplex_forest_end_3,
          infiniplex_forest_join
D:3:      gammafunk_ghost_grave
D:4:      serial_shops, shop

Skill      XL: |  1  2  3  4  5  6 |
---------------+-------------------+-----
Staves         | 3 4 5 |  5.2
Shields        | 4 5 |  5.6
Fighting       | |  3.2
Armour         | |  3.2

Action                   |  1- 3 |  4- 6 || total
-------------------------+-------+-------++-------
Melee: Quarterstaff      |    88 |   160 ||   248
 Abil: Dig               |       |     1 ||     1
  Use: Scroll            |       |     8 ||     8
       Potion            |       |     2 ||     2
  Eat: Chunk             |       |     4 ||     4
Armor: Scale mail        |    31 |    59 ||    90
Dodge: Dodged            |    22 |    40 ||    62
Block: Shield            |    34 |    60 ||    94

Table legend:
 A = Spawn XP
 B = Non-spawn XP
 C = Spawn XP percentage of total XP
 D = Spawn monster count
 E = Non-spawn monster count
 F = Spawn count percentage of total count
 G = Total turns spent on level
                    A         B        C        D         E        F      G
               +---------+---------+-------+---------+---------+-------+---------
         Total |       0 |     379 |   0.0 |       0 |      81 |   0.0 |  2321
               +---------+---------+-------+---------+---------+-------+---------
           D:1 |       0 |      45 |   0.0 |       0 |      26 |   0.0 |   753
           D:2 |       0 |     109 |   0.0 |       0 |      24 |   0.0 |   767
           D:3 |       0 |     101 |   0.0 |       0 |      21 |   0.0 |   539
           D:4 |       0 |     124 |   0.0 |       0 |      10 |   0.0 |   262
               +---------+---------+-------+---------+---------+-------+---------
